AoeStats
← TheQuietRiot

Arabia

506252002Analyzed
1v1 RM · 20d ago on Sep 12, 2026· 28m 13s· 2 players
Game mode
Random Map
Map size
Tiny (2 player)
Population
200
Speed
Normal
Resources
Standard
Victory
Conquest
Starting age
Dark Age
Ending age
Imperial Age
RankedLock teamsTeams togetherTeam positionsShared explorationLock speedFull tech treeHidden civsTurbo modeCheats
Victory
Defeat
🇨🇴 Hindustanis · Colombia
930
+15
🇬🇧 Teutons · United Kingdom
917
-15
TheQuietRiot
7:18 Loom
10:06 Feudal Age
19:33 Horse Collar
26:06 Double-Bit Axe
27:16 Fletching
CARLOS5DN
8:49 Loom
10:57 Feudal Age
12:01 Double-Bit Axe
15:06 Forging
16:09 Scale Barding Armor
18:42 Bloodlines
21:30 Wheelbarrow
24:34 Castle Age
22:59 Horse Collar
26:16 Iron Casting
25:14 Light Cavalry
25:57 Husbandry
Connection lost

Rejoining the realm…

Still unreachable

The connection could not be restored.

Session expired

The server has moved on; the page needs a fresh start.